[Event "Late-Titled-Tuesday-Blitz-September-19-2023"]
[Site "Chess.com"]
[Date "2023.09.19"]
[Round "9"]
[White "HamedWafa4"]
[Black "jaskol95"]
[Result "0-1"]
[WhiteElo "2645"]
[BlackElo "2573"]
[TimeControl "180+1"]
[EndTime "15:46:02 PDT"]
[Termination "jaskol95 won on time"]

1. e4 d5 2. exd5 Nf6 3. Nf3 Nxd5 4. d4 Bg4 5. h3 Bxf3 6. Qxf3 c6 7. c3 e6 8. Bd3 Nd7 9. O-O N7f6 10. Nd2 Be7 11.
a4 a5 12. Nc4 O-O 13. Re1 c5 14. dxc5 Bxc5 15. Bg5 Be7 16. Rad1 Qc7 17. Nd2 h6 18. Bh4 Qf4 19. Bg3 Qxf3 20. Nxf3 Rfd8 21. Nd4 Nh5 22.
Bh2 Nhf4 23. Be4 Bc5 24. Nb3 Bd6 25. c4 Nf6 26. Rxd6 Rxd6 27. Bxf4 Nxe4 28. Rxe4 Rb6 29.
Re3 Rb4 30. Be5 Rxa4 31. Nc5 Rxc4 32. Nxb7 a4 33. Rg3 g6 34. Nd6 Rc5 35. Bc3 a3 36. bxa3 Rxa3 37. Ne4 Rc4 38. Nf6+ Kh8 39. Nd5+ Kh7 40. Nf6+ Kh8 41. Ne4+ Kh7 42. Nf6+ Kg7 43.
Nd5+ Kf8 44. Bg7+ Kxg7 45. Rxa3 exd5 46. Rd3 Rc5 47. f4 Kf6 48. Kf2 Ke6 49. Kf3 f6 50. g4 Rc4 51. Re3+ Kf7 52. Ra3 Rc7 53. Rd3 Rd7 54. Ke3 Ke6 55. Ra3 Rd6 56. Kd4 h5 57.
f5+ gxf5 58. Re3+ Kf7 59. gxh5 Rd8 60. Rf3 Ke6 61. Re3+ Kf7 62. Rf3 Ke6 63. Re3+ Kd6 64. Rf3 Rh8 65. Rxf5 Ke6 66. Rxd5 f5 67. Re5+ Kf6 68.
Re3 Kg5 69. Rg3+ Kf4 70. Ra3 Rd8+ 71. Kc5 Kg5 0-1

[Event "Late-Titled-Tuesday-Blitz-September-19-2023"]
[Site "Chess.com"]
[Date "2023.09.19"]
[Round "9"]
[White "Mops_2004"]
[Black "dawid498"]
[Result "1/2-1/2"]
[WhiteElo "2801"]
[BlackElo "2672"]
[TimeControl "180+1"]
[EndTime "15:46:03 PDT"]
[Termination "Game drawn - insufficient material"]

1. g3 g6 2. Bg2 Bg7 3. d4 Nf6 4. e4 d6 5. Nc3 O-O 6. Nf3 Nc6 7. d5 Nb8 8. O-O c6 9. h3 cxd5 10. exd5 Nbd7 11. Re1 Re8 12. a4 a6 13. Be3 Qc7 14. Qd2 Nc5 15. Bd4 Bf5 16. Nh4 Bc8 17. Re3 e5 18. dxe6 Bxe6 19. Rae1 Rad8 20. f4 Qc8 21.
Kh2 d5 22. Qd1 Nce4 23. Ne2 Qc6 24. a5 Qb5 25. Bb6 Rc8 26. Rb3 Qc4 27. Nd4 Nc5 28. Rc3 Qb4 29. f5 gxf5 30. Nhxf5 Nce4 31. Rb3 Qf8 32. Rf1 Kh8 33. Rbf3 Bxf5 34. Nxf5 Nd7 35. Nxg7 Qxg7 36.
Bd4 Ne5 37. g4 Nxf3+ 38. Rxf3 f6 39. Rf5 Re6 40. Rxd5 Rce8 41. Rf5 Qc7+ 42. Kg1 Kg8 43. Rf1 Qd6 44. c3 Nc5 45. Kh1 Ne4 46. Kg1 Qg3 47.
Qf3 Qxf3 48. Rxf3 Nd2 49. Rf5 Nc4 50. Bd5 Nxb2 51. Bxe6+ Rxe6 52. Rxf6 Rxf6 53. Bxf6 Nc4 54. Kf2 Nxa5 55. Ke3 Nc6 56. Ke4 Kf7 57. g5 Ke6 58. h4 a5 59. h5 Kf7 60. c4 a4 61. Bc3 a3 62. Kd5 a2 63. Kc5 Nd8 64. Kb6 Ne6 65.
g6+ hxg6 66. hxg6+ Kxg6 67. Kxb7 Kf5 68. Kc6 Ke4 69.
Kd6 Kd3 70. Ba1 Nd4 71. c5 Kc4 72. c6 Nxc6 73. Kxc6 Kb3 74. Bh8 Kc2 75. Kd5 Kb1 76. Kc5 a1=Q 77. Bxa1 1/2-1/2

[Event "Late-Titled-Tuesday-Blitz-September-19-2023"]
[Site "Chess.com"]
[Date "2023.09.19"]
[Round "9"]
[White "sergoy"]
[Black "Njal28"]
[Result "1/2-1/2"]
[WhiteElo "2922"]
[BlackElo "3093"]
[TimeControl "180+1"]
[EndTime "15:46:17 PDT"]
[Termination "Game drawn by stalemate"]

1. d4 Nf6 2. c4 e6 3. Nf3 d5 4. Nc3 Nbd7 5. cxd5 exd5 6. Bg5 Bb4 7. e3 h6 8. Bh4 g5 9. Bg3 Ne4 10. Nd2 Nxg3 11.
hxg3 Nb6 12. Be2 Be6 13. O-O Qe7 14. a3 Bxc3 15. bxc3 h5 16. a4 g4 17. a5 Nd7 18.
a6 b6 19. e4 Kf8 20. c4 dxe4 21. Nxe4 Bf5 22. Nc3 Re8 23. Bd3 Bxd3 24. Qxd3 h4 25. Nd5 Qg5 26. Rae1 Rd8 27. Qe3 Qxe3 28. Rxe3 c6 29.
Nf4 Nf6 30. d5 cxd5 31. cxd5 h3 32. Rc1 Kg7 33. Rc7 Nxd5 34. Nxd5 h2+ 35. Kh1 Rxd5 36. Re1 Rd2 37. Rxa7 Rxf2 38. Rb7 Ra2 39. Rxb6 Rh6 40. Rxh6 Kxh6 41. Re4 Kg5 42. Re5+ Kg6 43. Re4 Kf5 44. Rf4+ Kg5 45. Rxf7 Rxa6 46. Kxh2 Ra3 47. Rg7+ Kf5 48. Rf7+ Kg5 49. Rg7+ Kh5 50. Rh7+ Kg6 51. Rh4 Kg5 52. Rh8 Ra7 53. Rg8+ Kh5 54. Rh8+ Kg6 55. Rg8+ Kf5 56. Rf8+ Ke5 57. Rf4 Rg7 58. Kg1 Kd5 59. Kf2 Ke5 60.
Ke3 Rg8 61. Rf7 Ke6 62. Ra7 Kf5 63. Ra5+ Kf6 64. Kf4 Rc8 65. Kxg4 Kg7 66. Kh4 Rc7 67. g4 Kh7 68. g5 Kg7 69. Kh5 Rb7 70. Ra6 Rb8 71.
Ra7+ Kg8 72. Kh6 Rb6+ 73. g6 Rb8 74. g4 Kh8 75. Rf7 Kg8 76. Rg7+ Kh8 77. Rf7 Kg8 78. Rf1 Ra8 79. Rc1 Rd8 80. Rc7 Ra8 81. g5 Rb8 82. g7 Rb6+ 83. g6 Rxg6+ 84. Kxg6 1/2-1/2

[Event "Late-Titled-Tuesday-Blitz-September-19-2023"]
[Site "Chess.com"]
[Date "2023.09.19"]
[Round "9"]
[White "Orest_Vovk"]
[Black "lamomiajunior"]
[Result "1/2-1/2"]
[WhiteElo "2562"]
[BlackElo "2648"]
[TimeControl "180+1"]
[EndTime "15:46:23 PDT"]
[Termination "Game drawn by repetition"]

1. e4 c6 2. Nc3 d5 3. Qe2 dxe4 4.
Nxe4 Bf5 5. Nf3 e6 6. d4 Be7 7. g3 Nf6 8. Nxf6+ Bxf6 9. c3 O-O 10. Bg2 Nd7 11. O-O Re8 12. Ne5 Nxe5 13. dxe5 Bd3 14. Qg4 Bxe5 15. Rd1 Bf5 16. Rxd8 Bxg4 17. Rxe8+ Rxe8 18. Be3 a6 19. h3 Be2 20. Re1 Bc4 21. b3 Bd5 22. c4 Bxg2 23. Kxg2 Bf6 24. Bb6 g5 25. Rd1 Kg7 26. Rd7 Re7 27. Rd8 h5 28. g4 hxg4 29. hxg4 e5 30. Kf3 e4+ 31. Ke3 Be5 32.
Bd4 Kf6 33. Rd6+ Kg7 34. c5 Kg8 35. Bxe5 Rxe5 36. b4 a5 37. a3 axb4 38. axb4 Re7 39.
Rd4 Kg7 40. Rxe4 Rd7 41. Re5 Kg6 42. Re8 b6 43. Rc8 bxc5 44. Rxc6+ f6 45. bxc5 Rd1 46. Rc8 Rc1 47. c6 Kg7 48. c7 Re1+ 49. Kd4 Rd1+ 50. Ke4 Rc1 51. Kd5 Rd1+ 52. Ke6 Re1+ 53. Kd7 Rd1+ 54. Kc6 Rc1+ 55. Kd5 Rd1+ 56. Ke4 Rc1 57. Kf3 Rc4 58. Ke3 Rc1 59. f4 gxf4+ 60. Kxf4 Rc4+ 61.
Kf5 Rc5+ 62. Ke6 Rc1 63. Kd6 Rd1+ 64. Ke6 Re1+ 65. Kf5 Rc1 66. Kf4 Rc5 67. Ke3 Rc1 68. Kd4 Rd1+ 69. Kc5 Rc1+ 70. Kb6 Rb1+ 71. Ka6 Ra1+ 72.
Kb5 Rb1+ 73. Kc4 Rc1+ 74. Kd3 Rc6 75. Kd2 Rc5 76. Ke3 Rc6 77. Kf3 Rc3+ 78. Ke4 Rc1 79.
Kf5 Rf1+ 80. Ke6 Re1+ 81. Kd5 Rd1+ 82. Kc6 Rc1+ 83. Kd7 Rd1+ 84. Ke6 Re1+ 1/2-1/2

[Event "Late-Titled-Tuesday-Blitz-September-19-2023"]
[Site "Chess.com"]
[Date "2023.09.19"]
[Round "9"]
[White "Alphafischer2019"]
[Black "krzyzan94"]
[Result "0-1"]
[WhiteElo "2629"]
[BlackElo "2805"]
[TimeControl "180+1"]
[EndTime "15:46:55 PDT"]
[Termination "krzyzan94 won by checkmate"]

1. Nf3 c5 2. b3 Nc6 3. Bb2 Nf6 4. e3 d5 5. Bb5 g6 6. O-O Bg7 7. d4 cxd4 8. Nxd4 Bd7 9. Nxc6 bxc6 10. Be2 O-O 11. c4 Bf5 12. Nc3 e5 13. cxd5 cxd5 14.
Na4 Re8 15. Bb5 Bd7 16. Bxd7 Qxd7 17. Rc1 Rad8 18. Nc5 Qf5 19. h3 h5 20. Re1 g5 21.
Qc2 e4 22. Qe2 g4 23. h4 g3 24. fxg3 Qg6 25. Rf1 d4 26. Bxd4 Rxd4 27. exd4 Qxg3 28.
Qf2 Qg6 29. Qf5 Ng4 30. Qxg6 fxg6 31. Rfd1 e3 32. d5 e2 33. Re1 Bd4+ 34. Kh1 Bxc5 35. Rxc5 Nf2+ 36. Kh2 Nd3 37. Rxe2 Rxe2 38. Rc8+ Kf7 39.
Rc7+ Kf6 40. Rxa7 Ne5 41. Kg3 Rd2 42. Ra5 Kf5 43. b4 Ke4 44. Ra8 Rd3+ 45. Kf2 Rxd5 46. a4 Rd2+ 47. Ke1 Ra2 48. b5 Nd3+ 49. Kd1 Nb2+ 50.
Kc2 Rxa4 51. Re8+ Kf5 52. Kxb2 Rb4+ 53. Kc3 Rxb5 54. Re2 Kg4 55. Kd4 Kxh4 56. Ke4 Rg5 57. Kf4 Rf5+ 58. Ke4 Kg3 59. Ra2 Rg5 60. Ke3 Re5+ 61.
Kd4 Rf5 62. Ke3 h4 63. Rb2 g5 64. Ra2 Rf4 65. Rb2 Rg4 66. Ra2 Kh2 67. Kf3 Rg3+ 68.
Ke4 Rxg2 69. Ra1 Rg3 70. Kf5 h3 71. Ra2+ Rg2 72. Ra1 g4 73. Kf4 g3 74. Kf3 Rf2+ 75. Kg4 Kg2 76. Ra3 h2 77. Rxg3+ Kf1 78. Rh3 Kg1 79. Kg3 Rg2+ 80. Kf3 h1=Q 81. Rxh1+ Kxh1 82. Ke4 Kh2 83. Kf4 Kh3 84. Kf3 Rg5 85. Ke4 Kh4 86.
Kf4 Rh5 87. Kf3 Kg5 88. Ke4 Rh4+ 89. Kf3 Rc4 90. Ke3 Kf5 91. Kf3 Rc3+ 92. Ke2 Ke4 93. Kd2 Re3 94. Kc2 Rd3 95. Kb2 Kd4 96. Kc2 Kc4 97.
Kb2 Rd2+ 98. Kb1 Kc3 99. Kc1 Rd4 100. Kb1 Rd1+ 101. Ka2 Rc1 102. Ka3 Ra1# 0-1

[Event "Late-Titled-Tuesday-Blitz-September-19-2023"]
[Site "Chess.com"]
[Date "2023.09.19"]
[Round "9"]
[White "ATM622"]
[Black "angelgab3"]
[Result "0-1"]
[WhiteElo "2457"]
[BlackElo "2574"]
[TimeControl "180+1"]
[EndTime "15:48:11 PDT"]
[Termination "angelgab3 won on time"]

1. d4 Nf6 2. c4 e6 3. g3 d5 4. Bg2 dxc4 5. Nf3 a6 6. a4 Nc6 7.
O-O Rb8 8. a5 b5 9. axb6 cxb6 10. Bf4 Bd6 11. Ne5 Ne7 12. Nxc4 Bxf4 13. gxf4 Nf5 14. e3 Nh4 15. Bc6+ Bd7 16. Bxd7+ Qxd7 17. Ne5 Qb7 18. f3 O-O 19. Nc3 Nf5 20. Qd3 b5 21. Ne4 Rfc8 22. Nc5 Qd5 23. Rac1 a5 24. Rfd1 Nd6 25.
e4 Qa2 26. Ra1 Qxb2 27. Rdb1 Qxa1 28. Rxa1 a4 29. Ng4 Nxg4 30. fxg4 Nc4 31. Qc3 Nd6 32. Qb4 Nc4 33. Kf2 a3 34. Ke2 Rd8 35. Nb3 Rd7 36. Qc5 h6 37. Qc6 Rdd8 38. Qc5 Rd7 39. Qb4 Ra7 40. Ra2 Ra4 41. Qc5 Raa8 42. Qc6 Na5 43.
Nxa5 Rxa5 44. Qc5 Rba8 45. Qb4 Ra4 46. Qxb5 Rxd4 47. Ke3 Rda4 48. Qc6 R4a6 49. Qb5 R6a7 50. Qb3 g6 51. h4 Ra4 52. h5 gxh5 53. gxh5 Kf8 54.
Qc3 R4a6 55. Qh8+ Ke7 56. Qxh6 Rb6 57. Qg5+ Kd7 58. Qf6 Rb3+ 59. Kf2 Kd6 60. Qe5+ Ke7 61. f5 Rab8 62. f6+ Kd7 63. Rd2+ Kc8 64. Qc5+ Kb7 65.
Rd7+ Ka6 66. Qc4+ R8b5 67. Qa4+ Kb6 68. Qd4+ Rc5 69. Rd6+ Kb5 70. Qd1 Rb2+ 71. Ke3 Rc3+ 72. Kf4 Rf2+ 73. Kg5 Rb2 74. Kh6 a2 75. Qf1+ Rc4 76.
Rd8 Rb4 77. Rb8+ Ka4 78. Ra8+ Kb3 79. Qd1+ Kb2 80. Qd2+ Kb3 81. Qxa2+ Kc3 82. Ra3+ Kd4 83. Qd2+ Kxe4 84. Re3+ Kf5 85. Qd3+ Kxf6 86. Rf3+ Ke7 87. Qh7 Rf4 88. Rxf4 Rxf4 89. Kg5 Rf5+ 90. Kg4 Rf6 91. Qg7 Rf1 92. Kh3 Rh1+ 93. Kg2 Rxh5 94. Qc3 Rf5 95. Kg3 Kf8 96. Kg4 Kg8 97. Qc8+ Kh7 98. Qd7 Kg6 99. Qe8 Rg5+ 100. Kf4 Rf5+ 101. Ke4 Kf6 102. Qh8+ Ke7 103. Qh4+ Kd6 104. Qd8+ Kc6 105. Qc8+ Kd6 106. Qd8+ Kc6 107. Qe7 Kb5 108. Kd4 Rd5+ 109. Ke4 Rf5 110. Qb7+ Kc4 111. Qc7+ Kb3 112. Qb6+ Kc2 113. Qc6+ Kd1 114. Qd6+ Ke1 115. Qf8 Kf2 116. Qh6 Kg3 117. Qg7+ Kh4 118. Ke3 Kh5 119. Qh7+ Kg5 120. Qg7+ Kh5 121. Ke4 Rf1 122. Qh7+ Kg5 123. Qg7+ Kh4 124. Qh6+ Kg3 125. Qg5+ Kh3 126. Qh5+ Kg3 127. Qg5+ Kf2 128. Qe3+ Kg2 129. Ke5 Rf5+ 130. Kd6 Kh2 131. Ke7 Kg2 132. Kf8 Kh2 133. Kg7 Kg2 134. Qe2+ Kg3 135. Kh6 Kf4 136. Qd2+ Ke5 137. Qe3+ Kf6 138. Qd4+ Re5 139. Kh7 Kf5 0-1

[Event "Late-Titled-Tuesday-Blitz-September-19-2023"]
[Site "Chess.com"]
[Date "2023.09.19"]
[Round "10"]
[White "UK_23"]
[Black "miraitrunks"]
[Result "1-0"]
[WhiteElo "2395"]
[BlackElo "2149"]
[TimeControl "180+1"]
[EndTime "15:50:59 PDT"]
[Termination "UK_23 won by resignation"]

1. e4 e6 2. d4 d5 3. e5 Qd7 4. Nf3 b6 5. a4 Ba6 6. Bxa6 Nxa6 7. c3 c5 8. Qe2 Nb8 9. a5 b5 10. dxc5 Bxc5 11. b4 Be7 12. a6 Qc6 13. Nd4 Qb6 14. Qxb5+ Nd7 15. Be3 Rc8 16. Qxb6 Nxb6 17. Nb5 Nc4 18.
Nxa7 Ra8 19. Nb5 Nxe3 20. fxe3 Bg5 21. Nc7+ 1-0

[Event "Late-Titled-Tuesday-Blitz-September-19-2023"]
[Site "Chess.com"]
[Date "2023.09.19"]
[Round "10"]
[White "Nikachu"]
[Black "Heinza9"]
[Result "0-1"]
[WhiteElo "2188"]
[BlackElo "2308"]
[TimeControl "180+1"]
[EndTime "15:51:34 PDT"]
[Termination "Heinza9 won by resignation"]

1. e4 e5 2. Nf3 Nc6 3. Bb5 f5 4. d3 Nf6 5. O-O d6 6. Nc3 Be7 7. Re1 O-O 8. exf5 Bxf5 9. d4 exd4 10. Nxd4 Nxd4 11. Qxd4 c6 12. Bf1 d5 13. Bg5 Qd7 14.
Qd2 Bb4 15. Bxf6 Rxf6 16. a3 Bc5 17. Na4 Bd6 18. b4 Raf8 19. g3 Be4 20. Nc3 Rxf2 21.
Qxf2 Rxf2 22. Kxf2 Qf5+ 23. Kg1 Be5 24. Nxe4 Bxa1 25.
Nd6 Bd4+ 26. Kg2 Qf2+ 0-1

[Event "Late-Titled-Tuesday-Blitz-September-19-2023"]
[Site "Chess.com"]
[Date "2023.09.19"]
[Round "10"]
[White "angelgab3"]
[Black "TatjanaVasilevich"]
[Result "0-1"]
[WhiteElo "2566"]
[BlackElo "2569"]
[TimeControl "180+1"]
[EndTime "15:52:03 PDT"]
[Termination "TatjanaVasilevich won by resignation"]

1. e4 c5 2. Nf3 e6 3. d4 cxd4 4.
Nxd4 a6 5. Bd3 Nf6 6. O-O d6 7. Qe2 b5 8. a4 b4 9. f4 Bb7 10. a5 d5 11. e5 Bc5 12. Be3 Nfd7 13. Nd2 O-O 14. Rf3 Nc6 15. N2b3 Nxd4 16. Bxd4 Bxd4+ 17. Nxd4 g6 18. Rh3 Qe7 19. Kh1 f6 20. exf6 Rxf6 21.
Re3 Re8 22. g3 Qc5 23. Nb3 Qxe3 24. Qxe3 d4+ 25. Qe4 Bxe4+ 26. Bxe4 e5 27. fxe5 Rxe5 28.
Bb7 Nc5 0-1

[Event "Late-Titled-Tuesday-Blitz-September-19-2023"]
[Site "Chess.com"]
[Date "2023.09.19"]
[Round "10"]
[White "DvaHrasta"]
[Black "KamlaPasand"]
[Result "1-0"]
[WhiteElo "2519"]
[BlackElo "2450"]
[TimeControl "180+1"]
[EndTime "15:52:03 PDT"]
[Termination "DvaHrasta won by resignation"]

1. c4 d6 2. g3 Nf6 3. Bg2 g6 4. Nc3 Bg7 5. Nf3 O-O 6. O-O e5 7. d3 Nc6 8. Rb1 a5 9. a3 Be6 10. b4 axb4 11. axb4 Qd7 12. b5 Ne7 13. e4 Bh3 14. Nd5 Nfxd5 15. cxd5 Bxg2 16. Kxg2 f5 17. Ng5 Rf6 18. b6 c6 19. dxc6 Qxc6 20. Qb3+ d5 21. Ba3 Qd7 22. Bxe7 Qxe7 23. exd5 Rd6 24. Ne6 Qd7 25.
Rfc1 Rc8 26. Rc7 Rxc7 27. bxc7 b6 28. Rc1 Qc8 29. Rc6 Rxc6 30. dxc6 Kh8 31. Qd5 h5 32. Qd7 1-0

[Event "Late-Titled-Tuesday-Blitz-September-19-2023"]
[Site "Chess.com"]
[Date "2023.09.19"]
[Round "10"]
[White "cassoulet"]
[Black "aNaartjieZA"]
[Result "1-0"]
[WhiteElo "2772"]
[BlackElo "2595"]
[TimeControl "180+1"]
[EndTime "15:52:25 PDT"]
[Termination "cassoulet won by resignation"]

1. e4 e6 2. d3 d5 3. Nd2 Nf6 4. Ngf3 Nc6 5. g3 dxe4 6. dxe4 Bc5 7. Bg2 O-O 8. O-O e5 9. c3 a5 10. Qe2 b6 11. Nc4 Ba6 12. b3 Qe7 13. Bg5 Rfd8 14. Rfd1 h6 15. Bd2 Qe6 16. Nh4 a4 17. Nf5 Bxc4 18. bxc4 Na5 19. Bf1 Rd7 20. Be3 Nxe4 21. Qg4 Ng5 22. Rxd7 1-0

[Event "Late-Titled-Tuesday-Blitz-September-19-2023"]
[Site "Chess.com"]
[Date "2023.09.19"]
[Round "10"]
[White "RIPOL"]
[Black "martinez_95"]
[Result "1-0"]
[WhiteElo "2421"]
[BlackElo "2215"]
[TimeControl "180+1"]
[EndTime "15:52:26 PDT"]
[Termination "RIPOL won by resignation"]

1. d4 Nf6 2. Bg5 c5 3. Bxf6 gxf6 4. d5 Qb6 5. Qc1 f5 6. c4 Bg7 7. Nc3 d6 8. g3 Nd7 9. Nf3 Ne5 10. Nxe5 dxe5 11. Bh3 h5 12. e4 fxe4 13. Bxc8 Rxc8 14. Nxe4 h4 15. O-O Bh6 16. Qd1 hxg3 17. hxg3 f5 18.
Qh5+ Kd7 19. Qxf5+ Kd8 20. Kg2 1-0

[Event "Late-Titled-Tuesday-Blitz-September-19-2023"]
[Site "Chess.com"]
[Date "2023.09.19"]
[Round "10"]
[White "GadimbayliA"]
[Black "Dhaydon19"]
[Result "1-0"]
[WhiteElo "2841"]
[BlackElo "2690"]
[TimeControl "180+1"]
[EndTime "15:52:39 PDT"]
[Termination "GadimbayliA won by checkmate"]

1. e4 c6 2. Nf3 d5 3. exd5 cxd5 4.
Ne5 Nc6 5. d4 Nf6 6. c3 e6 7.
Nd2 Bd6 8. f4 Qc7 9. Bd3 a6 10.
Qe2 h5 11. O-O Bd7 12. Ndf3 Ng4 13. Ng5 Nd8 14. h3 Nf6 15. f5 Bxe5 16. dxe5 Ne4 17. fxe6 Nxe6 18. Nxf7 Ng3 19. Nd6+ Kd8 20. Qe3 Nxf1 21.
Qg5+ Nxg5 22. Bxg5# 1-0

[Event "Late-Titled-Tuesday-Blitz-September-19-2023"]
[Site "Chess.com"]
[Date "2023.09.19"]
[Round "10"]
[White "campochess"]
[Black "Quattroporte300"]
[Result "1-0"]
[WhiteElo "2208"]
[BlackElo "2390"]
[TimeControl "180+1"]
[EndTime "15:52:57 PDT"]
[Termination "campochess won by resignation"]

1. d4 g6 2. c4 Bg7 3. Nc3 d6 4. g3 Nd7 5. Bg2 e5 6. e3 Ne7 7. Nge2 O-O 8. O-O f5 9. f4 e4 10. b4 a5 11. b5 c5 12. bxc6 bxc6 13. Ba3 Nb6 14. Bxd6 Qxd6 15. c5 Qc7 16. cxb6 Qxb6 17. Rb1 Qc7 18. Qb3+ Kh8 19. Qa3 Be6 20. Qc5 Rfb8 21.
Rxb8+ Rxb8 22. Rb1 Rxb1+ 23. Nxb1 Bxa2 24. Nbc3 Bb3 25. Nc1 Be6 26. Bf1 Kg8 27. Bc4 Kf7 28. Bxe6+ Kxe6 29.
Qc4+ Kf6 30. Nb3 Qb6 31. Nc5 Nd5 32. Nd7+ Ke7 33. Nxb6 Nxb6 34. Qc5+ 1-0

[Event "Late-Titled-Tuesday-Blitz-September-19-2023"]
[Site "Chess.com"]
[Date "2023.09.19"]
[Round "10"]
[White "Mimsychess"]
[Black "zverr1"]
[Result "0-1"]
[WhiteElo "2354"]
[BlackElo "2501"]
[TimeControl "180+1"]
[EndTime "15:53:04 PDT"]
[Termination "zverr1 won by resignation"]

1. e4 c5 2. Nf3 Nc6 3. Bb5 g6 4. O-O Bg7 5. Re1 Nf6 6. c3 O-O 7. h3 a6 8. Bf1 d6 9. d4 Qb6 10. Na3 cxd4 11. cxd4 d5 12. e5 Ne4 13. Nc2 Bf5 14.
Ne3 Be6 15. b3 Rac8 16. Ba3 Nb4 17. Nd2 Nc3 18. Qf3 Ncxa2 19. g4 Rc3 20. Qg2 Qxd4 21. Bb2 Qxd2 22. Bxc3 Qxc3 0-1

[Event "Late-Titled-Tuesday-Blitz-September-19-2023"]
[Site "Chess.com"]
[Date "2023.09.19"]
[Round "10"]
[White "victormago"]
[Black "Journey_to_GrandMaster_YT"]
[Result "0-1"]
[WhiteElo "2526"]
[BlackElo "2656"]
[TimeControl "180+1"]
[EndTime "15:53:14 PDT"]
[Termination "Journey_to_GrandMaster_YT won by resignation"]

1. d4 d6 2. Nf3 Nf6 3. c4 Nbd7 4. Nc3 e5 5. g3 Be7 6. Bg2 O-O 7. O-O c6 8. Re1 e4 9. Ng5 d5 10. cxd5 cxd5 11.
Nh3 Nb6 12. Bg5 h6 13. Bxf6 Bxf6 14. Nf4 g5 15. Nh5 Bh8 16. e3 Be6 17. f3 f5 18. g4 Qd7 19. h3 exf3 20. Bxf3 fxg4 21. Bxg4 Rae8 22. b3 Nc8 23. Ng3 Nd6 24. Kg2 Nf5 25. Qd3 Nh4+ 26. Kh2 Rf2+ 27. Kh1 Bxg4 0-1

[Event "Late-Titled-Tuesday-Blitz-September-19-2023"]
[Site "Chess.com"]
[Date "2023.09.19"]
[Round "10"]
[White "lefonghua"]
[Black "DTChess"]
[Result "1-0"]
[WhiteElo "2655"]
[BlackElo "2527"]
[TimeControl "180+1"]
[EndTime "15:53:14 PDT"]
[Termination "lefonghua won by resignation"]

1. d4 Nf6 2. c4 g6 3. Nc3 Bg7 4. e4 d6 5. f4 O-O 6. Nf3 c5 7.
d5 e6 8. Be2 exd5 9. cxd5 Re8 10. Nd2 a6 11. a4 b6 12. O-O Nbd7 13. Bf3 Bb7 14. Nc4 Qc7 15. Re1 Rab8 16. e5 dxe5 17. d6 Qc8 18. fxe5 Bxf3 19. Qxf3 b5 20. axb5 axb5 21.
Bg5 bxc4 22. exf6 Bf8 23. Nd5 Rxe1+ 24. Rxe1 Bxd6 25. Ne7+ Bxe7 26. fxe7 Qe8 27. Qc3 Rb3 28. Qxc4 Rxb2 29. Qd5 h5 30. Qxd7 Qxd7 31. e8=Q+ Qxe8 32. Rxe8+ Kg7 33. Rc8 Rc2 34. Be3 c4 35. Bd4+ Kh6 36.
h4 g5 37. Rc6+ Kh7 38. hxg5 Rc1+ 39. Kh2 Rc2 40. Rh6+ 1-0

[Event "Late-Titled-Tuesday-Blitz-September-19-2023"]
[Site "Chess.com"]
[Date "2023.09.19"]
[Round "10"]
[White "zsoltkorpics"]
[Black "MBA_CHESS_2021"]
[Result "0-1"]
[WhiteElo "2330"]
[BlackElo "2200"]
[TimeControl "180+1"]
[EndTime "15:53:16 PDT"]
[Termination "MBA_CHESS_2021 won by resignation"]

1. e4 e5 2. Nf3 Nc6 3. d4 exd4 4. Bb5 d6 5. Nxd4 Bd7 6. Nc3 Be7 7. O-O Bf6 8. Nxc6 bxc6 9. Bc4 Ne7 10. Qe2 O-O 11.
f4 Re8 12. Bd2 Bd4+ 13. Kh1 d5 14. Bd3 dxe4 15. Qxe4 Bf5 16. Qf3 Rb8 17. b3 Qd7 18. Rae1 c5 19. Ne4 Bg4 20. Qg3 h5 21. c3 Nf5 22. cxd4 Nxg3+ 23. Nxg3 Qxd4 0-1

[Event "Late-Titled-Tuesday-Blitz-September-19-2023"]
[Site "Chess.com"]
[Date "2023.09.19"]
[Round "10"]
[White "lamomiajunior"]
[Black "ElDivis"]
[Result "1/2-1/2"]
[WhiteElo "2645"]
[BlackElo "2536"]
[TimeControl "180+1"]
[EndTime "15:53:22 PDT"]
[Termination "Game drawn by agreement"]

1. d4 Nf6 2. c4 g6 3. Nc3 Bg7 4. e4 d6 5. h3 O-O 6. Be3 e5 7. d5 a5 8. Qd2 Na6 9. f3 Nh5 10. Nge2 f5 11. exf5 gxf5 12. g4 Nf4 13.
O-O-O Nb4 14. Ng3 fxg4 15. hxg4 Qe8 16. a3 Qg6 17. Nce4 Na6 18. Qe2 Nxe2+ 1/2-1/2

[Event "Late-Titled-Tuesday-Blitz-September-19-2023"]
[Site "Chess.com"]
[Date "2023.09.19"]
[Round "10"]
[White "slorovel"]
[Black "Hirna2005"]
[Result "1-0"]
[WhiteElo "2515"]
[BlackElo "2380"]
[TimeControl "180+1"]
[EndTime "15:53:29 PDT"]
[Termination "slorovel won by resignation"]

1. e4 g6 2. h4 h5 3. d4 d6 4. Bg5 Bg7 5. Qd2 Nf6 6. Nc3 a6 7.
O-O-O b5 8. f3 Bb7 9. Qe1 Nbd7 10. e5 Nd5 11. e6 N7f6 12. exf7+ Kxf7 13. Nh3 Re8 14. Bd3 Nxc3 15. Qxc3 Nd5 16. Qd2 Bf6 17. g4 hxg4 18.
fxg4 Qd7 19. h5 gxh5 20. gxh5 Rh8 21. Bxf6 Nxf6 22. Ng5+ Ke8 23. Bg6+ Kd8 24. Nf7+ Kc8 25. Nxh8 Bxh1 26. Rxh1 Qe6 27. Qg2 Kb8 28. h6 Qxa2 29. c3 Qa1+ 30. Bb1 Ka7 31. Nf7 b4 32. h7 bxc3 33.
h8=Q Rxh8 34. Rxh8 cxb2+ 35. Qxb2 1-0

[Event "Late-Titled-Tuesday-Blitz-September-19-2023"]
[Site "Chess.com"]
[Date "2023.09.19"]
[Round "10"]
[White "Chessdreamer2020"]
[Black "SaqoChess_Twitch"]
[Result "0-1"]
[WhiteElo "2532"]
[BlackElo "2668"]
[TimeControl "180+1"]
[EndTime "15:53:31 PDT"]
[Termination "SaqoChess_Twitch won by resignation"]

1. e4 c5 2. Nf3 d6 3. d4 cxd4 4. Qxd4 Nf6 5. Be2 Nc6 6. Qe3 g6 7. h3 Bg7 8. O-O O-O 9. Rd1 Qa5 10. c4 Rd8 11. Nc3 Ne5 12. Nd4 a6 13. Rb1 Qc7 14. b3 Bd7 15. Bb2 Nc6 16. Nf3 e6 17. Rbc1 Be8 18.
Rd2 Qa5 19. a3 b5 20. b4 Nxb4 21. axb4 Qxb4 22. cxb5 axb5 23. Qd4 Qxd4 24. Nxd4 Bh6 25. Rdc2 Bxc1 26. Rxc1 b4 27. Ncb5 Nxe4 28. Nc6 Bxc6 29. Rxc6 Rac8 30. Nd4 e5 31. Rxc8 Rxc8 32. Bf3 Ng5 33.
Nb5 Nxf3+ 34. gxf3 Rc2 0-1

[Event "Late-Titled-Tuesday-Blitz-September-19-2023"]
[Site "Chess.com"]
[Date "2023.09.19"]
[Round "10"]
[White "Alphafischer2019"]
[Black "reevecanada"]
[Result "1-0"]
[WhiteElo "2635"]
[BlackElo "2527"]
[TimeControl "180+1"]
[EndTime "15:53:36 PDT"]
[Termination "Alphafischer2019 won by resignation"]

1. Nf3 d5 2. b3 Nd7 3. Bb2 Ngf6 4. g3 Nb6 5. Bg2 Bf5 6. O-O e6 7. d3 c6 8. Nh4 Be7 9. Nd2 O-O 10. h3 Nfd7 11. e4 Bxh4 12. exf5 Bf6 13. Bxf6 Qxf6 14. fxe6 fxe6 15. Nf3 e5 16. Qd2 Rad8 17. Rfe1 h6 18.
Rad1 e4 19. Nh2 exd3 20. cxd3 Ne5 21. d4 Nf7 22. Ng4 Qf5 23. Re7 Rd7 24. Rde1 Ng5 25. R7e5 Nf3+ 26. Bxf3 Qxf3 27. R1e3 Qf7 28. h4 Nc8 29.
Re6 Nd6 30. R6e5 Ne4 31. R5xe4 dxe4 32. Ne5 Rxd4 33. Qe2 Qd5 34. Ng6 Rf3 35. Ne7+ Kh7 36. Nxd5 Rxd5 37. Rxf3 exf3 38. Qxf3 Kg8 39. Qe4 Rd1+ 40.
Kg2 Rd2 41. Qe8+ Kh7 42. a4 Rb2 43. Qe4+ Kh8 44. Qd3 1-0

[Event "Late-Titled-Tuesday-Blitz-September-19-2023"]
[Site "Chess.com"]
[Date "2023.09.19"]
[Round "10"]
[White "Alexei_Gubajdullin"]
[Black "tgpgoat"]
[Result "1-0"]
[WhiteElo "2643"]
[BlackElo "2509"]
[TimeControl "180+1"]
[EndTime "15:53:43 PDT"]
[Termination "Alexei_Gubajdullin won by checkmate"]

1. d4 Nf6 2. Nf3 e6 3. Bf4 c5 4. e3 Nc6 5. Nbd2 d5 6. c3 Bd6 7. Bg3 O-O 8. Bd3 Re8 9. Ne5 Bxe5 10. dxe5 Nd7 11. f4 b6 12. Nf3 f6 13. exf6 Nxf6 14.
O-O Bb7 15. Bh4 e5 16. fxe5 Nxe5 17. Nxe5 Rxe5 18. Bxf6 gxf6 19. Qf3 Qe7 20. Rae1 Rf8 21. Qh3 Rg5 22. Rf4 d4 23. Bf1 Kh8 24. cxd4 cxd4 25. Rxd4 Rfg8 26. g3 R5g7 27. Bg2 Bxg2 28. Qxg2 Qf7 29. Qf3 Qxa2 30. Qxf6 Qxb2 31. Rf1 Qc3 32. Qe5 a5 33. Rf7 Qc1+ 34. Kg2 Qc2+ 35. Kf3 Qc6+ 36. e4 Qc3+ 37. Kg2 Qc2+ 38. Kh3 Qc8+ 39. Rdd7 Qc5 40. Rxg7 Qxe5 41. Rxh7# 1-0